[Event "Titled Tuesday Blitz February 22 Late 2022"]
[White "Bryakin, Mikhail"]
[Black "Maltsevskaya, Aleksandra"]
[WhiteFideId "4165314"]
[BlackFideId "24174041"]
[WhiteElo "2421"]
[BlackElo "2283"]
[Result "0-1"]
[Round "09"]
[TimeControl "180+1"]
[Date "2022.02.22"]
[WhiteClock "0:00:55"]
[BlackClock "0:00:15"]

1. e4 c5 2. c3 g6 3. d4 cxd4 4. cxd4 d5 5. e5 Nc6 6. Nc3 Bg7 7. f4 Nh6 8. Nf3 Bg4 9. Be3 Nf5 10. Bf2 Bxf3 11. Qxf3 Nfxd4 12. Qd1 Ne6 13. g3 d4 14. Ne4 O-O 15. Bg2 f6 16. exf6 exf6 17. O-O Kh8 18. Rc1 f5 19. Nc5 Nxc5 20. Rxc5 Qb6 21. Rc2 Rad8 22. b3 Qb5 23. Qd2 Rfe8 24. Bf3 d3 25. Rc5 Nd4 26. Qc1 Nxf3+ 27. Kg2 d2 28. Rxb5 dxc1=Q 29. Rxc1 Nd4 30. Rxb7 Ne6 31. Rxa7 Rd2 32. Re1 Rxf2+ 33. Kh3 Nxf4+ 34. gxf4 Rxe1 35. Ra8+ Bf8 36. Rxf8+ Kg7 37. Ra8 Re3+ 0-1


[Site "https://www.chess.com"]

[Event "Titled Tuesday Blitz February 22 Late 2022"]
[White "Buchenau, Frank"]
[Black "Tan, Jun Ying"]
[WhiteFideId "4604350"]
[BlackFideId "5710413"]
[WhiteElo "2193"]
[BlackElo "1827"]
[Result "1-0"]
[Round "09"]
[TimeControl "180+1"]
[Date "2022.02.23"]
[WhiteClock "0:00:15"]
[BlackClock "0:00:07"]

1. e4 c5 2. Nf3 Nc6 3. Bb5 d6 4. O-O Bd7 5. Re1 Nf6 6. c3 a6 7. Bc4 Bg4 8. d4 Bxf3 9. gxf3 e6 10. d5 Ne5 11. Bf1 g5 12. f4 gxf4 13. Bxf4 Rg8+ 14. Kh1 Nfg4 15. Qe2 Nd3 16. Bg3 Nxe1 17. Qxe1 e5 18. a4 h5 19. f3 Nf6 20. Na3 Bh6 21. Nc4 Ke7 22. a5 Bg5 23. b4 cxb4 24. Rb1 Nd7 25. cxb4 Qf8 26. Bh3 Rd8 27. b5 Qh6 28. bxa6 bxa6 29. Rb7 h4 30. Bf2 Ke8 31. Nb6 Nxb6 32. axb6 Bd2 33. Qd1 Be3 34. Bxe3 Qxe3 35. Bg4 f5 36. exf5 e4 37. Bh5+ Kf8 38. Rf7+ Ke8 39. Qa4+ Rd7 40. Qxd7# 1-0


[Site "https://www.chess.com"]

[Event "Titled Tuesday Blitz February 22 Late 2022"]
[White "Carbone, Diego"]
[Black "Mogranzini, Roberto"]
[WhiteFideId "3002179"]
[BlackFideId "810894"]
[WhiteElo "2199"]
[BlackElo "2469"]
[Result "0-1"]
[Round "09"]
[TimeControl "180+1"]
[Date "2022.02.23"]
[WhiteClock "0:00:01"]
[BlackClock "0:00:16"]

1. d4 Nf6 2. c4 d6 3. g3 g6 4. Nf3 Bg7 5. Bg2 O-O 6. Nc3 Nc6 7. O-O Bf5 8. d5 Na5 9. Nd4 Bd7 10. b3 c5 11. dxc6 bxc6 12. Bb2 Rb8 13. Qd2 c5 14. Nf3 Bc6 15. Rac1 Qb6 16. Ba1 Rfd8 17. Rfd1 Ne4 18. Nxe4 Bxe4 19. Bxg7 Kxg7 20. Qc3+ Kg8 21. h4 Nc6 22. h5 Bxf3 23. Bxf3 Nd4 24. Kg2 Qb4 25. Qd3 a5 26. hxg6 hxg6 27. Bd5 Kg7 28. e3 Nf5 29. Be4 Nh6 30. Rc3 Ng4 31. Rcc1 Nf6 32. Bf3 a4 33. Rc3 axb3 34. axb3 Qa5 35. Rdc1 Rh8 36. g4 Rh4 37. Rh1 Rxh1 38. Kxh1 Qa1+ 39. Kg2 Rh8 40. Kg3 Qg1+ 41. Bg2 Qh2+ 0-1


[Site "https://www.chess.com"]

[Event "Titled Tuesday Blitz February 22 Late 2022"]
[White "Carlsson, Ludvig"]
[Black "Avila Pavas, Santiago"]
[WhiteFideId "1727010"]
[BlackFideId "4437128"]
[WhiteElo "2178"]
[BlackElo "2242"]
[Result "1-0"]
[Round "09"]
[TimeControl "180+1"]
[Date "2022.02.22"]
[WhiteClock "0:00:06"]
[BlackClock "0:00:26"]

1. Nf3 Nf6 2. c4 e6 3. Nc3 d5 4. d4 a6 5. e3 Bd6 6. b3 b6 7. Bb2 Bb7 8. Bd3 Nbd7 9. O-O O-O 10. Rc1 Ne4 11. Ne2 f5 12. Nf4 Qf6 13. Be2 Qh6 14. Ne5 Rad8 15. f3 Nef6 16. Nxe6 Ng4 17. fxg4 Qxe6 18. gxf5 Qe7 19. cxd5 Nxe5 20. dxe5 Bxe5 21. Bxe5 Qxe5 22. Qd4 Qxd4 23. exd4 Rf7 24. d6 Rxd6 25. Bc4 Bd5 26. Bxa6 Kf8 27. Bc4 Rfd7 28. Bxd5 Rxd5 29. Rf4 Ke7 30. Kf2 Kf6 31. Rc6+ Kg5 32. Kf3 Rxd4 33. h4+ Kh5 34. Rxd4 Rxd4 35. Rxc7 Rg4 36. f6 Rg6 37. fxg7 Kxh4 38. Rc6 Rxg7 39. Rxb6 Rf7+ 40. Ke3 Kg3 41. a4 Kxg2 42. a5 h5 43. Rh6 Rf5 44. a6 Kg3 45. b4 h4 46. a7 Rf8 47. b5 h3 48. b6 h2 49. Rxh2 Re8+ 50. Kd4 Kxh2 51. Kc5 Re5+ 52. Kc6 Rh5 53. b7 Rh6+ 54. Kb5 Rh5+ 55. Kb6 Rh6+ 56. Kc5 Rh5+ 57. Kd4 Rh4+ 58. Ke3 Rh3+ 59. Kf4 Rb3 60. b8=Q Rb5 1-0


[Site "https://www.chess.com"]

[Event "Titled Tuesday Blitz February 22 Late 2022"]
[White "Chernomordik, Pavel"]
[Black "Janaszak, Dawid"]
[WhiteFideId "2804530"]
[BlackFideId "1119206"]
[WhiteElo "2249"]
[BlackElo "2199"]
[Result "1-0"]
[Round "09"]
[TimeControl "180+1"]
[Date "2022.02.23"]
[WhiteClock "0:00:18"]
[BlackClock "0:00:15"]

1. e4 c5 2. Nc3 Nc6 3. Bb5 Nd4 4. Bc4 e6 5. Nge2 Nf6 6. O-O a6 7. a4 Qc7 8. d3 Be7 9. f4 d5 10. exd5 exd5 11. Bxd5 Bg4 12. Ba2 O-O-O 13. h3 Bh5 14. Qd2 Nxe2+ 15. Nxe2 c4 16. Bxc4 Ne4 17. Qe1 Bxe2 18. Qxe2 Ng3 19. Qg4+ Kb8 20. Qxg3 g5 21. Kh2 Rhg8 22. fxg5 Bd6 23. Bf4 h6 24. Bxd6 Rxd6 25. Rf6 Rgd8 26. Rxf7 Qb6 27. g6 Ka8 28. g7 Rg6 29. Qc7 Rxg2+ 30. Kxg2 Qg6+ 31. Kh2 Rb8 32. Rf8 1-0


[Site "https://www.chess.com"]

[Event "Titled Tuesday Blitz February 22 Late 2022"]
[White "Chigaev, Maksim"]
[Black "Hess, Robert"]
[WhiteFideId "4108116"]
[BlackFideId "2022036"]
[WhiteElo "2502"]
[BlackElo "2557"]
[Result "1-0"]
[Round "09"]
[TimeControl "180+1"]
[Date "2022.02.22"]
[WhiteClock "0:01:01"]
[BlackClock "0:00:03"]

1. d4 g6 2. e4 Bg7 3. Nc3 a6 4. Be3 e6 5. h4 h6 6. Qd2 d6 7. h5 g5 8. f4 gxf4 9. Bxf4 Nc6 10. Nf3 Nf6 11. O-O-O Ng4 12. Qe1 Rg8 13. Kb1 Qe7 14. g3 Bd7 15. Bh3 Nf6 16. Bg2 e5 17. dxe5 dxe5 18. Be3 O-O-O 19. Nd5 Qf8 20. Nh4 Bg4 21. Rd3 Nxd5 22. exd5 Nb4 23. Rb3 Nxd5 24. c4 Nb6 25. Bxb6 cxb6 26. Qe4 Rd7 27. Qxg4 Bf6 28. Qf5 Bd8 29. Rd1 1-0


[Site "https://www.chess.com"]

[Event "Titled Tuesday Blitz February 22 Late 2022"]
[White "Clawitter, Craig"]
[Black "Lock, Gavin R"]
[WhiteFideId "2023105"]
[BlackFideId "408646"]
[WhiteElo "2211"]
[BlackElo "2104"]
[Result "1/2-1/2"]
[Round "09"]
[TimeControl "180+1"]
[Date "2022.02.23"]
[WhiteClock "0:00:21"]
[BlackClock "0:00:05"]

1. e4 c5 2. Nf3 e6 3. d4 cxd4 4. Nxd4 Nf6 5. Nc3 Nc6 6. Ndb5 Bb4 7. a3 Bxc3+ 8. Nxc3 d5 9. exd5 exd5 10. Bd3 O-O 11. O-O d4 12. Ne2 Bg4 13. f3 Bh5 14. Bf4 Re8 15. Qd2 Bg6 16. Rad1 Qb6 17. b3 Bxd3 18. Qxd3 Nd5 19. Rfe1 Rxe2 20. Qxe2 d3+ 21. Qf2 Nxf4 22. cxd3 Ne6 23. Qxb6 axb6 24. a4 Kf8 25. g3 Ned4 26. Kg2 Nxb3 27. Rb1 Ncd4 28. Re4 Rxa4 29. Rxb3 Ra2+ 30. Kh3 Nxb3 31. Rb4 Nc5 32. Rxb6 Rd2 33. Rb5 Nxd3 34. Rxb7 g5 35. Kg4 h6 36. h4 Nf2+ 37. Kh5 gxh4 38. gxh4 Rd6 39. f4 Kg7 40. f5 Rf6 41. Rb5 Ne4 42. Kg4 Nd6 43. Rd5 Kh7 44. h5 Kg7 45. Kf4 Rxf5+ 46. Rxf5 Nxf5 47. Kxf5 f6 48. Ke6 f5 49. Kxf5 Kf7 50. Ke5 Ke7 51. Kf5 Kf7 52. Ke5 Ke7 53. Kf5 Kf7 1/2-1/2


[Site "https://www.chess.com"]

[Event "Titled Tuesday Blitz February 22 Late 2022"]
[White "Cunha, Lucas Aguiar"]
[Black "Elissalt Cardenas, Hector"]
[WhiteFideId "2125404"]
[BlackFideId "3500632"]
[WhiteElo "2361"]
[BlackElo "2159"]
[Result "1-0"]
[Round "09"]
[TimeControl "180+1"]
[Date "2022.02.23"]
[WhiteClock "0:00:20"]
[BlackClock "0:00:06"]

1. e4 d6 2. d4 Nf6 3. Nc3 e5 4. Nf3 Nbd7 5. Bc4 Be7 6. Ng5 O-O 7. Bxf7+ Rxf7 8. Ne6 Qe8 9. Nxc7 Qd8 10. Nxa8 b5 11. f3 Ba6 12. d5 b4 13. Ne2 Qxa8 14. a3 b3 15. cxb3 Nc5 16. O-O Bd8 17. b4 Ncxe4 18. fxe4 Bb6+ 19. Kh1 Nxe4 20. Rxf7 Kxf7 21. Qf1+ Nf2+ 22. Kg1 Kg8 23. h3 Ng4+ 24. Kh1 Nf2+ 25. Kh2 Qxd5 26. Nc3 Qb7 27. b5 Qe7 28. bxa6 Qh4 29. Qe2 Ng4+ 30. Qxg4 1-0


[Site "https://www.chess.com"]

[Event "Titled Tuesday Blitz February 22 Late 2022"]
[White "Curtis, John"]
[Black "Budrewicz, Krzysztof"]
[WhiteFideId "3200256"]
[BlackFideId "1127950"]
[WhiteElo "2203"]
[BlackElo "2248"]
[Result "0-1"]
[Round "09"]
[TimeControl "180+1"]
[Date "2022.02.23"]
[WhiteClock "0:00:00"]
[BlackClock "0:00:22"]

1. e4 g6 2. d4 Bg7 3. Nf3 d6 4. Be2 Nf6 5. Nc3 O-O 6. Bg5 h6 7. Bf4 g5 8. Be3 Ng4 9. Bc1 Nc6 10. h4 e5 11. d5 Nd4 12. hxg5 h5 13. Be3 Nxe3 14. fxe3 Nxf3+ 15. Bxf3 Qxg5 16. Rxh5 Qxe3+ 17. Qe2 Qxe2+ 18. Nxe2 f5 19. Ng3 f4 20. Nf5 Bxf5 21. exf5 e4 22. Bg4 Rae8 23. O-O-O Re5 24. f6 Rxf6 25. Rxe5 dxe5 26. Re1 e3 27. Bf3 Bf8 28. c4 Bb4 29. Re2 Rh6 30. Kc2 Rh1 31. Kd3 Bc5 32. a3 Rc1 33. b4 Bd4 34. Ke4 Rxc4 35. g3 Bb2+ 36. Kf5 fxg3 37. Be4 Bxa3 38. Rxe3 Bxb4 39. d6 c6 40. d7 Rd4 41. Rxg3+ Kf7 42. Kxe5 Rxd7 43. Rh3 Bd6+ 44. Kf5 Kg7 45. Kg5 Be7+ 46. Kg4 Rd4 47. Kf3 Kf6 48. Rh6+ Ke5 49. Rh7 Kd6 50. Rh6+ Kc7 51. Rh7 Kd8 52. Rh8+ Kd7 53. Rh7 a5 54. Bf5+ Kd6 55. Rh6+ Kc5 56. Rh7 Bd6 57. Be4 b5 58. Rh8 a4 59. Rc8 Rxe4 60. Kxe4 b4 61. Kd3 Be5 62. Ra8 Kb5 63. Rb8+ Kc5 64. Ra8 a3 0-1


[Site "https://www.chess.com"]

[Event "Titled Tuesday Blitz February 22 Late 2022"]
[White "Debray, Christopher"]
[Black "Salimova, Nurgyul"]
[WhiteFideId "630810"]
[BlackFideId "2915138"]
[WhiteElo "2369"]
[BlackElo "2185"]
[Result "1-0"]
[Round "09"]
[TimeControl "180+1"]
[Date "2022.02.23"]
[WhiteClock "0:00:05"]
[BlackClock "0:00:17"]

1. d4 Nf6 2. c4 g6 3. Nc3 d5 4. Nf3 Bg7 5. e3 O-O 6. Be2 c5 7. dxc5 dxc4 8. O-O Qa5 9. Qd4 Be6 10. Ng5 Nc6 11. Qh4 Bd7 12. Bd2 h6 13. Nge4 Qc7 14. Nxf6+ exf6 15. Bxc4 Ne5 16. Bb3 Qxc5 17. Rac1 Nd3 18. Rc2 Qg5 19. Qd4 Bc6 20. Nd5 Rad8 21. e4 Nf4 22. Bxf4 Qxf4 23. Nxf4 Rxd4 24. Nxg6 Bxe4 25. Nxf8 Bxc2 26. Bxc2 Bxf8 27. Rd1 Rc4 28. Bb3 Rc7 29. Kf1 Bc5 30. g3 Kg7 31. Kg2 b6 32. Kf3 f5 33. Rd5 Kf6 34. Bc2 Bxf2 35. Bxf5 Bc5 36. Bd3 Re7 37. Be4 Rc7 38. Bd3 a5 39. a4 Ke6 40. Bc4 Kf6 41. h3 Bb4 42. Bd3 Bc5 43. Be4 Ke6 44. Rd3 f5 45. Bd5+ Ke5 46. Bc4 Bd4 47. b3 Rg7 48. Rd1 h5 49. Re1+ Kd6 50. Re6+ Kc5 51. Rh6 Re7 52. Rxh5 Re3+ 53. Kf4 Re1 54. Rxf5+ Kb4 55. g4 Be3+ 56. Kf3 Kc3 57. g5 Bd4 58. h4 Rh1 59. Kg4 Kd2 60. h5 Ke3 61. h6 Rg1+ 62. Kh5 Rh1+ 63. Kg6 Ke4 64. Rf7 Be3 65. h7 Rg1 66. Re7+ Kd4 67. h8=Q+ 1-0


[Site "https://www.chess.com"]

[Event "Titled Tuesday Blitz February 22 Late 2022"]
[White "Desideri, Ricardo Maruchi"]
[Black "De Souza, Cristiano Gomes"]
[WhiteFideId "2110440"]
[BlackFideId "2151758"]
[WhiteElo "1945"]
[BlackElo "2068"]
[Result "1-0"]
[Round "09"]
[TimeControl "180+1"]
[Date "2022.02.23"]
[WhiteClock "0:00:18"]
[BlackClock "0:01:10"]

1. e4 c5 2. Nf3 d6 3. d4 cxd4 4. Nxd4 Nf6 5. Nc3 a6 6. Rg1 e5 7. Nb3 Be7 8. g4 Bxg4 9. Rxg4 Nxg4 10. Qxg4 O-O 11. Nd5 Nc6 12. Nxe7+ Qxe7 13. Bg5 f6 14. Bc4+ Kh8 15. Be3 Rac8 16. Bd5 Rfd8 17. Bb6 Re8 18. a3 g6 19. O-O-O Qg7 20. Rg1 Qh6+ 21. Be3 Qg7 22. h4 Rf8 23. h5 g5 24. Kb1 Rc7 25. Be6 Nd8 26. Bf5 h6 27. Rd1 Qe7 28. Nd2 b5 29. Nf1 Re8 30. Ng3 Ne6 31. Bg6 Rec8 32. Nf5 Qf8 33. Nxd6 Rd8 34. Qxe6 Kg7 35. Ne8+ Rxe8 36. Qxe8 Qxe8 37. Bxe8 Re7 38. Rd7 1-0


[Site "https://www.chess.com"]

[Event "Titled Tuesday Blitz February 22 Late 2022"]
[White "Djokic, Mihailo"]
[Black "Nasuta, Grzegorz"]
[WhiteFideId "976440"]
[BlackFideId "1141686"]
[WhiteElo "2008"]
[BlackElo "2396"]
[Result "1-0"]
[Round "09"]
[TimeControl "180+1"]
[Date "2022.02.22"]
[WhiteClock "0:01:05"]
[BlackClock "0:00:03"]

1. e4 c5 2. Nf3 e6 3. d4 cxd4 4. Nxd4 Nf6 5. Nc3 d6 6. f4 Nc6 7. Be2 Be7 8. Be3 O-O 9. O-O e5 10. Nb3 exf4 11. Bxf4 Ne5 12. Kh1 Be6 13. Nd4 Nfd7 14. Bg3 g6 15. Qd2 Bg5 16. Bf4 Bxf4 17. Qxf4 Qe7 18. Rad1 a6 19. Qd2 Rad8 20. Nxe6 Qxe6 21. Nd5 Kg7 22. b3 Nc5 23. Qe3 f6 24. h3 Rf7 25. Nf4 Qe8 26. Rd5 Ne6 27. Rfd1 Nxf4 28. Qxf4 Qe6 29. c4 b6 30. Qe3 Rb7 31. Qd4 Nf7 32. a4 a5 33. Bf3 Rbb8 34. Rb5 Qe5 35. Rxe5 dxe5 36. Qe3 Rxd1+ 37. Bxd1 Rd8 38. Bg4 Rd4 39. Qc3 Nd6 40. Bf3 Nb7 41. b4 axb4 42. Qxb4 Na5 43. Qxb6 Nxc4 44. Qc7+ Kh6 45. a5 Ne3 46. Qc1 Rd3 47. a6 g5 48. a7 1-0


[Site "https://www.chess.com"]

[Event "Titled Tuesday Blitz February 22 Late 2022"]
[White "Domingo Nunez, Alejandro"]
[Black "Vovk, Orest"]
[WhiteFideId "22245561"]
[BlackFideId "14113490"]
[WhiteElo "2215"]
[BlackElo "2203"]
[Result "1-0"]
[Round "09"]
[TimeControl "180+1"]
[Date "2022.02.22"]
[WhiteClock "0:00:02"]
[BlackClock "0:00:06"]

1. Nf3 Nf6 2. g3 b6 3. Bg2 Bb7 4. O-O e6 5. c4 Be7 6. Nc3 O-O 7. d3 Nc6 8. e4 d6 9. d4 e5 10. d5 Nb8 11. a3 h6 12. b4 a5 13. Rb1 axb4 14. axb4 Nbd7 15. Ne1 Nh7 16. Nd3 Bg5 17. Bxg5 Qxg5 18. Nb5 Qd8 19. Qd2 Ba6 20. Na3 b5 21. cxb5 Bc8 22. Qc3 Nb6 23. Rbc1 f5 24. Nc4 Ng5 25. exf5 Bxf5 26. Na5 Rf7 27. f4 e4 28. Nf2 Nf3+ 29. Bxf3 exf3 30. Qxf3 Qf6 31. Rfd1 Qg6 32. Nc6 Ra2 33. Re1 Kh7 34. Ne7 Qf6 35. Nxf5 Qxf5 36. Qe4 Nxd5 37. Qxf5+ Rxf5 38. Re4 Nf6 39. Rd4 Ra7 40. b6 cxb6 41. Rxd6 Rb5 42. Nd3 Ra2 43. Re1 Nd5 44. Rd7 Nxb4 45. Ne5 Nc2 46. Re2 Rb1+ 47. Kg2 Ne3+ 48. Kf3 Rxe2 49. Kxe2 Rb3 50. g4 Nf5 51. gxf5 Rb2+ 52. Kf3 Rb5 53. f6 Rb3+ 54. Kg4 Kh8 55. Rxg7 h5+ 56. Kg5 Rg3+ 57. hxg3 h4 58. Ng6# 1-0


[Site "https://www.chess.com"]

[Event "Titled Tuesday Blitz February 22 Late 2022"]
[White "Dreev, Aleksey"]
[Black "Sevian, Samuel"]
[WhiteFideId "4100107"]
[BlackFideId "2040506"]
[WhiteElo "2636"]
[BlackElo "2698"]
[Result "1-0"]
[Round "09"]
[TimeControl "180+1"]
[Date "2022.02.22"]
[WhiteClock "0:00:28"]
[BlackClock "0:00:04"]

1. d4 Nf6 2. c4 e5 3. dxe5 Ng4 4. Bf4 g5 5. Bd2 Nxe5 6. Bc3 Bg7 7. Nf3 Nbc6 8. Nxe5 Nxe5 9. e3 O-O 10. Be2 d6 11. O-O Re8 12. Nd2 Be6 13. Nf3 Bxc4 14. Bxc4 Nxc4 15. Bxg7 Kxg7 16. Qd5 Ne5 17. Nxe5 Rxe5 18. Qxb7 Rb8 19. Qxa7 c5 20. b3 Rb4 21. Rad1 Qf6 22. Qc7 Re6 23. Rd5 Rh4 24. Rfd1 g4 25. Rxd6 Qe5 26. Rd7 Qf5 27. Rxf7+ Qxf7 28. Rd7 Rf6 29. Rxf7+ Rxf7 30. Qe5+ Kg6 31. Qe4+ Kg7 32. g3 Rh6 33. Qxg4+ Rg6 34. Qc4 Rgf6 35. Qc3 Kg6 36. f4 Rd6 37. Kf2 Rfd7 38. Kf3 Rd1 39. Qc2+ Kh6 40. Qxc5 R7d5 41. Qf8+ Kg6 42. Qg8+ Kh6 43. Kg4 R1d2 44. Qf7 Rb5 45. Qf6# 1-0


[Site "https://www.chess.com"]

[Event "Titled Tuesday Blitz February 22 Late 2022"]
[White "Erdogdu, Mert"]
[Black "Indjic, Aleksandar"]
[WhiteFideId "6301495"]
[BlackFideId "911925"]
[WhiteElo "2485"]
[BlackElo "2616"]
[Result "0-1"]
[Round "09"]
[TimeControl "180+1"]
[Date "2022.02.22"]
[WhiteClock "0:00:15"]
[BlackClock "0:01:38"]

1. e4 c6 2. d4 d5 3. exd5 cxd5 4. c4 Nf6 5. Nc3 Nc6 6. Bg5 Be6 7. a3 h6 8. Bxf6 exf6 9. c5 g5 10. b4 a6 11. Na4 f5 12. Nb6 Rb8 13. b5 axb5 14. Bxb5 Bg7 15. Ne2 O-O 16. O-O f4 17. a4 Ne7 18. a5 Ng6 19. Nc3 Nh4 20. Re1 Nf5 21. Ra4 f3 22. g3 g4 23. Qd3 Qg5 24. Ncxd5 Rbd8 25. Nf4 Nxd4 26. Qb1 Qxc5 27. Bf1 Bb3 28. Ra1 Nc2 29. Qxb3 Nxa1 30. Qa2 Nc2 31. Rc1 Qxf2+ 32. Kxf2 Bd4# 0-1


[Site "https://www.chess.com"]

[Event "Titled Tuesday Blitz February 22 Late 2022"]
[White "Escudero Donoso, Felipe"]
[Black "Aigner, Michael"]
[WhiteFideId "3410595"]
[BlackFideId "2017288"]
[WhiteElo "2184"]
[BlackElo "2401"]
[Result "0-1"]
[Round "09"]
[TimeControl "180+1"]
[Date "2022.02.23"]
[WhiteClock "0:00:01"]
[BlackClock "0:01:06"]

1. Nf3 d5 2. d4 c6 3. c4 Nf6 4. g3 e6 5. Bg2 Nbd7 6. O-O Ne4 7. Nbd2 f5 8. Nxe4 fxe4 9. Nd2 Be7 10. f3 exf3 11. Bxf3 O-O 12. Qc2 Bf6 13. e3 Bg5 14. Nb1 Nf6 15. Bd2 Qe8 16. Nc3 dxc4 17. Ne4 Nxe4 18. Bxe4 g6 19. Rxf8+ Qxf8 20. Rf1 Qg7 21. Qxc4 Bd7 22. Qe2 Rf8 23. Bf3 e5 24. Bc3 Bh3 25. Bg2 Rxf1+ 26. Kxf1 Qf7+ 27. Kg1 Bxg2 28. Kxg2 e4 29. b3 h5 30. Bd2 Kh7 31. Qf2 Qxf2+ 32. Kxf2 Kg7 33. Bc3 Kf7 34. h3 Ke7 35. g4 hxg4 36. hxg4 Ke6 37. Bd2 Bh4+ 38. Kg2 Kd5 39. Kf1 c5 40. dxc5 Kxc5 41. Bc3 b5 42. Bd4+ Kb4 43. Bxa7 Ka3 44. Bc5+ Kxa2 45. b4 Kb3 46. Ke2 Kc4 47. Bf8 Bf6 48. Bc5 Bc3 49. Kd1 Bxb4 50. Bd4 Bc3 51. Bb6 b4 52. Kc2 b3+ 53. Kc1 Kd3 54. Bc5 Bd2+ 55. Kb2 Bxe3 56. Bb4 Kc4 57. Be1 Bd4+ 58. Kc1 Bc3 59. Bf2 Kd3 60. Bb6 e3 61. Kd1 e2+ 0-1


[Site "https://www.chess.com"]

[Event "Titled Tuesday Blitz February 22 Late 2022"]
[White "Estrada Nieto, Julian"]
[Black "Jimenez Almeida, Luis David"]
[WhiteFideId "5101018"]
[BlackFideId "22242244"]
[WhiteElo "2246"]
[BlackElo "2092"]
[Result "1-0"]
[Round "09"]
[TimeControl "180+1"]
[Date "2022.02.23"]
[WhiteClock "0:00:29"]
[BlackClock "0:00:16"]

1. e4 c5 2. Nf3 e6 3. c3 d5 4. exd5 Qxd5 5. d4 Nf6 6. Na3 Nc6 7. Be3 Be7 8. Nb5 Qd8 9. dxc5 Qxd1+ 10. Rxd1 O-O 11. Nd6 Nd5 12. Bb5 Rb8 13. Bd2 Bd7 14. Bxc6 Bxc6 15. Ne5 Be8 16. O-O f6 17. Nf3 Bg6 18. c4 Nc7 19. Rfe1 e5 20. Nh4 Bc2 21. Rc1 Ba4 22. Nhf5 Bd8 23. Bb4 Bc6 24. Rcd1 g6 25. Ne3 Kg7 26. b3 Ne6 27. Nd5 Nd4 28. Bc3 Ne6 29. b4 g5 30. g3 Kg6 31. b5 Bxd5 32. Rxd5 Bc7 33. Ne4 Rfd8 34. Red1 Rxd5 35. cxd5 Kf5 36. dxe6 Kxe4 37. Rd7 Bd8 38. e7 Bxe7 39. Rxe7 Rd8 40. Kg2 Rd3 41. Bb4 Rd4 42. a3 1-0


[Site "https://www.chess.com"]

[Event "Titled Tuesday Blitz February 22 Late 2022"]
[White "Fiorito, Fabian"]
[Black "Kohler, Aran"]
[WhiteFideId "100200"]
[BlackFideId "1002856"]
[WhiteElo "2395"]
[BlackElo "2235"]
[Result "0-1"]
[Round "09"]
[TimeControl "180+1"]
[Date "2022.02.23"]
[WhiteClock "0:00:10"]
[BlackClock "0:00:20"]

1. d4 Nf6 2. Nc3 d5 3. Bf4 a6 4. e3 Bf5 5. Bd3 Bxd3 6. cxd3 e6 7. Nf3 Bd6 8. Bg3 O-O 9. Qb3 Nc6 10. O-O Rb8 11. Rac1 Bxg3 12. hxg3 Qd6 13. Rfd1 e5 14. dxe5 Nxe5 15. Nxe5 Qxe5 16. Ne2 c6 17. Nf4 Rfe8 18. Qc2 Rbd8 19. a4 Qg5 20. b4 Ng4 21. Qe2 Rd6 22. b5 axb5 23. axb5 Rh6 24. Nh3 Qf5 25. bxc6 bxc6 26. d4 Rhe6 27. Qf3 Qh5 28. Rf1 Rf6 29. Qe2 Ree6 30. Ra1 h6 31. Qc2 Rg6 32. Rfb1 Kh7 33. Nf4 Qh2+ 34. Kf1 Rxe3 35. Qxg6+ fxg6 36. fxe3 Nxe3+ 37. Kf2 Nf5 38. Kf3 Qxg3+ 39. Ke2 Qe3+ 40. Kf1 Qxf4+ 41. Kg1 Qxd4+ 42. Kh1 Qh4+ 43. Kg1 Qg3 44. Ra2 Ne3 45. Rbb2 d4 46. Rf2 d3 47. Rf3 Qe1+ 48. Kh2 Ng4+ 49. Kh3 Nf6 50. Rxd3 Qe4 51. Rad2 Qf4 52. Rd4 Qf5+ 53. g4 Qf3+ 54. Kh2 Nxg4+ 55. Kg1 Qg3+ 56. Kf1 Qf3+ 57. Kg1 Qg3+ 58. Kf1 Ne3+ 59. Ke2 Nf5 60. R4d3 Qg4+ 61. Ke1 g5 62. Re2 Qc4 63. Kd2 Nd4 64. Re4 Qc2+ 65. Ke3 Nf5+ 66. Kf3 Qxd3+ 67. Kg4 Qxe4+ 68. Kh5 Qh4# 0-1


[Site "https://www.chess.com"]

[Event "Titled Tuesday Blitz February 22 Late 2022"]
[White "Gatterer, Florian"]
[Black "Kopczynski, Michal"]
[WhiteFideId "811688"]
[BlackFideId "1124200"]
[WhiteElo "2218"]
[BlackElo "2235"]
[Result "0-1"]
[Round "09"]
[TimeControl "180+1"]
[Date "2022.02.23"]
[WhiteClock "0:00:57"]
[BlackClock "0:00:37"]

1. e4 b6 2. d4 Bb7 3. Bd3 e6 4. Qe2 Nf6 5. e5 Bxg2 6. exf6 Bxh1 7. f3 Qxf6 8. Be3 Nc6 9. c3 Bd6 10. Nd2 Qh4+ 11. Bf2 Qxh2 12. Ne4 Bf4 13. Kd1 O-O-O 14. a4 d5 15. Ba6+ Kb8 16. Qb5 Ne7 17. a5 dxe4 18. axb6 cxb6 19. Bb7 Nc8 20. Qa6 Qxf2 21. Bxc8 Qd2# 0-1


[Site "https://www.chess.com"]

[Event "Titled Tuesday Blitz February 22 Late 2022"]
[White "Gimenez Aguirre, Alejo Ismael"]
[Black "Ansh M Shah"]
[WhiteFideId "32041667"]
[BlackFideId "25033379"]
[WhiteElo "2031"]
[BlackElo "1819"]
[Result "0-1"]
[Round "09"]
[TimeControl "180+1"]
[Date "2022.02.23"]
[WhiteClock "0:01:33"]
[BlackClock "0:00:09"]

1. e4 c6 2. d4 d5 3. Nd2 dxe4 4. Nxe4 Nf6 5. Nxf6+ exf6 6. Nf3 Bf5 7. Bd3 Bxd3 8. Qxd3 Bd6 9. O-O O-O 10. h3 Nd7 11. c3 Nb6 12. b3 Qd7 13. c4 Rad8 14. Bb2 Bb8 15. a4 Na8 16. Rfe1 Nc7 17. Re2 Ne6 18. Qc2 Nf4 19. Re4 Qf5 20. Rae1 Qg6 21. Nh4 Qg5 22. Ba3 Qxh4 23. Bxf8 Rxf8 24. g3 Qg5 25. h4 Qg4 26. Rxf4 Bxf4 27. Qe4 g5 28. d5 cxd5 29. cxd5 h5 30. Qc4 Bd6 31. Re4 Qd7 32. hxg5 fxg5 33. Qe2 Kg7 34. Qxh5 Qf5 35. Rg4 f6 36. Rd4 Rh8 37. Qe2 Be5 38. Rd1 Qd7 39. d6 Qh3 40. Qf3 Qh2+ 41. Kf1 Qh1+ 42. Qxh1 Rxh1+ 43. Ke2 Rxd1 44. Kxd1 Bxd6 0-1


[Site "https://www.chess.com"]

[Event "Titled Tuesday Blitz February 22 Late 2022"]
[White "Golubenko, Valentina"]
[Black "Mikheev, Stanislav"]
[WhiteFideId "4501993"]
[BlackFideId "4135920"]
[WhiteElo "2164"]
[BlackElo "2249"]
[Result "0-1"]
[Round "09"]
[TimeControl "180+1"]
[Date "2022.02.23"]
[WhiteClock "0:00:01"]
[BlackClock "0:00:09"]

1. d4 Nf6 2. g3 g6 3. Bg2 Bg7 4. c4 d5 5. cxd5 Nxd5 6. e4 Nb6 7. Nf3 c5 8. d5 e6 9. Nc3 exd5 10. Nxd5 O-O 11. O-O Nc6 12. Bg5 f6 13. Bf4 Ne5 14. Nxe5 fxe5 15. Be3 Nxd5 16. Qxd5+ Qxd5 17. exd5 b6 18. d6 Rb8 19. Rad1 Be6 20. d7 Rbd8 21. Bc6 Bf6 22. Rd6 Kf7 23. Rfd1 Bxa2 24. Ra1 Ke7 25. Rd2 Be6 26. Rxa7 e4 27. Bxe4 Rxd7 28. Rdxd7+ Bxd7 29. Bc6 Rd8 30. b4 Kd6 31. Bxd7 Rxd7 32. bxc5+ bxc5 33. Bxc5+ Ke6 34. Ra6+ Kf7 35. Kg2 Rc7 36. Be3 Rd7 37. g4 Rc7 38. g5 Be5 39. h4 Rd7 40. Kf3 Bb8 41. Kg4 Re7 42. Rb6 Re4+ 43. Kf3 Re8 44. Rb7+ Kg8 45. Bd4 Be5 46. Bxe5 Rxe5 47. Kf4 Rf5+ 48. Kg3 Rf8 49. f4 Rf5 50. Kg4 Rf8 51. Rb4 Rf5 52. h5 Rf8 53. h6 Rf7 54. Rb8+ Rf8 55. Rb7 Rf7 56. Rxf7 Kxf7 57. f5 gxf5+ 58. Kxf5 Kg8 59. Kf6 Kf8 60. Ke6 Kg8 61. Ke7 Kh8 62. Ke6 Kg8 63. Kf6 Kh8 64. Kf5 Kg8 65. Ke6 Kh8 66. Kf6 Kg8 67. g6 Kh8 68. g7+ Kg8 0-1


[Site "https://www.chess.com"]

[Event "Titled Tuesday Blitz February 22 Late 2022"]
[White "Golubev, Mikhail"]
[Black "Iskusnyh, Sergei"]
[WhiteFideId "14100983"]
[BlackFideId "4120027"]
[WhiteElo "2374"]
[BlackElo "2492"]
[Result "0-1"]
[Round "09"]
[TimeControl "180+1"]
[Date "2022.02.22"]
[WhiteClock "0:00:01"]
[BlackClock "0:00:10"]

1. e4 e6 2. Nc3 d5 3. d4 Nf6 4. Bg5 dxe4 5. Nxe4 Nbd7 6. Nf3 h6 7. Nxf6+ Nxf6 8. Bxf6 Qxf6 9. Bb5+ c6 10. Bd3 g6 11. O-O Bg7 12. c3 O-O 13. Re1 Bd7 14. Ne5 Rad8 15. Qb3 Bc8 16. Qa3 a6 17. Rad1 Rfe8 18. b4 Qe7 19. Qb3 Qc7 20. Qc4 Rd5 21. f4 Red8 22. Be4 R5d6 23. a4 a5 24. b5 c5 25. d5 exd5 26. Bxd5 Be6 27. Bxe6 Rxd1 28. Bxf7+ Kh8 29. Nxg6+ Kh7 30. Rxd1 Rxd1+ 31. Kf2 Bf6 32. Nf8+ Kh8 33. Be6 Bd4+ 34. Kf3 Bg7 35. Ng6+ Kh7 0-1


[Site "https://www.chess.com"]